 Dungeon Crawl Stone Soup version 0.20-a0-435-gf4ea4dd (webtiles) character file.

39 Asddderdsw the Ruffian (level 3, 0/28 HPs)
             Began as a Draconian Transmuter on Jan 5, 2017.
             Killed from afar by an orc wizard (6 damage)
             ... with a puff of flame
             ... on level 4 of the Dungeon.
             The game lasted 00:16:50 (1218 turns).

Asddderdsw the Ruffian (Draconian Transmuter)       Turns: 1218, Time: 00:16:50

Health: 0/28       AC:  5    Str: 12    XL:     3   Next: 28%
Magic:  5/6        EV: 12    Int: 14    God:
Gold:   63         SH:  0    Dex: 11    Spells: 3/6 levels left

rFire  . . .     SeeInvis .     i - +0 dagger
rCold  . . .     Gourm    .     (armour unavailable)
rNeg   . . .     Faith    .     (no shield)
rPois  .         Spirit   .     (helmet restricted)
rElec  .         Reflect  .     (no cloak)
rCorr  .         Harm     .     (no gloves)
MR     .....                    (boots currently unavailable)
Stlth  +.........               (no amulet)
                                (no ring)
                                (no ring)

@: appendage
A: unfitting armour, talons 3, cold-blooded, AC +5
a: End Transformation


You were on level 4 of the Dungeon.
You were not hungry.
You had grown temporary talons.
You visited 1 branch of the dungeon, and saw 4 of its levels.

You collected 63 gold pieces.

Inventory:

Hand Weapons
 g - a +0 club
 i - a +0 dagger (weapon)
Missiles
 a - 31 arrows
 d - 20 stones (quivered)
Scrolls
 h - a scroll of identify {unknown}
 m - a scroll of amnesia {unknown}
 n - a scroll of fog {unknown}
Potions
 e - a potion of agility {unknown}
 j - 2 potions of heal wounds {unknown}
 l - a potion of curing {unknown}
Books
 b - a book of Changes

   Spells                             Type                      Level
   a - Beastly Appendage              Transmutation                1
   b - Sticks to Snakes               Transmutation                2
   c - Spider Form                    Transmutation/Poison         3
   d - Ice Form                       Ice/Transmutation            4
   e - Blade Hands                    Transmutation                5


   Skills:
 + Level 1.1 Fighting
 + Level 2.0 Dodging
 + Level 0.2 Stealth
 + Level 3.5 Unarmed Combat
 + Level 2.3 Spellcasting
 + Level 2.5 Transmutations


You had 3 spell levels left.
You knew the following spells:

 Your Spells              Type           Power        Failure   Level  Hunger
a - Beastly Appendage     Tmut           #.....       10%         1    #......
b - Sticks to Snakes      Tmut           #.......     14%         2    ###....


Dungeon Overview and Level Annotations

Branches:
Dungeon (4/15)
 Temple: D:4-7

Altars:


Innate Abilities, Weirdness & Mutations

Your plain brown scales are hard. (AC +5)
You cannot fit into any form of body armour.
You are cold-blooded and may be slowed by cold attacks.
You have claws for feet.


Message History

Press: ? - help, Shift-Dir - straight line, f/p - ogre
Aim: an ogre, wielding a giant spiked club (moderately wounded)
You throw a stone. The orc shouts!
The stone hits the ogre but does no damage.
The ogre is moderately wounded.
An orc wizard comes into view. It is wielding a dagger.
Casting: Beastly Appendage
Confirm with . or Enter, or press ? or * to list all spells.
Your feet morph into talons.
The orc wizard shouts!
The ogre hits you with a giant spiked club!!
Ouch! That really hurt!
* * * LOW HITPOINT WARNING * * *
You hit the ogre.
The ogre is moderately wounded.
The ogre barely misses you.
The orc wizard points at you and mumbles some strange words.
The puff of flame hits you!
You die...

#### ...# .....
..... #######
.....#
#......##.....#
..........(....
.......@.......
.......O.......
......o........
.......##.....#
....o(. ######
....... #o.(...
#..(...


You could see an ogre, an orc wizard and 2 orcs.

Vanquished Creatures
  An adder (D:2)
  An ooze (D:2)
  2 dart slugs (D:2)
  A leopard gecko (D:1)
  A giant cockroach (D:2)
  3 goblins
  3 hobgoblins (D:2)
  A quokka (D:2)
  A ball python (D:2)
  2 bats (D:2)
  A frilled lizard (D:1)
  A kobold (D:1)
  2 rats
  2 plants (D:3)
22 creatures vanquished.

Vanquished Creatures (collateral kills)
  A worm (D:2)
  A goblin (D:2)
  A hobgoblin (D:2)
  A bat (D:2)
4 creatures vanquished.

Grand Total: 26 creatures vanquished

Notes
Turn   | Place    | Note
-------+----------+-------------------------------------------
     0 | D:1      | Asddderdsw the Draconian Transmuter began the quest for the Orb.
     0 | D:1      | Reached XP level 1. HP: 16/16 MP: 3/3
   323 | D:2      | Reached XP level 2. HP: 11/23 MP: 3/5
   327 | D:2      | Learned a level 2 spell: Sticks to Snakes
   608 | D:2      | Reached XP level 3. HP: 28/28 MP: 3/6
  1210 | D:4      | Noticed an ogre
  1218 | D:4      | Killed from afar by an orc wizard

Vault maps used:
D:1:      elethiomel_arrival_quiet, minmay_misc_feat_pillars,
          minmay_misc_feat_roman
D:2:      lightli_temple_of_fire
D:3:      corexii_shack_village
D:4:      nicolae_gozag_zags_fifth_avenue

Skill      XL: |  1  2 |
---------------+-------+-----
Dodging        | 2 |  2.0
Fighting       | |  1.1
Stealth        | |  0.2
Unarmed Combat | |  3.5
Spellcasting   | |  2.3
Transmutations | |  2.5

Action                   || total
-------------------------++-------
Melee: Unarmed           ||    33
       Headbutt          ||     4
       Tailslap          ||    54
       Kick              ||    16
       Dagger            ||   210
       Club              ||     2
       Punch             ||     3
Throw: Stone             ||     8
       Tomahawk          ||     6
 Cast: Beastly Appendage ||    14
       Sticks to Snakes  ||     7
  Use: Scroll            ||     1
 Stab: Distracted        ||     1
  Eat: Bread ration      ||     1
       Chunk             ||     1
Armor: Skin              ||    12
Dodge: Dodged            ||    39
